Unix NetHack Version 5.0.0-0 post-release - last build May 31 2026 23:59:36 (970b52f25bf058293b47ddfd14a1e40e571c508c,branch:main).

Game began 2026-06-02 20:53:16, ended 2026-06-02 23:00:42.

Drastanta, lawful female dwarven Valkyrie

                                             ----
                                             |..--
                                             |...--
   |                                   ---- --....---
   |.                              -----..| |.......|
   |.                 ---         --.--...---......-
   |.---------------  |.          |................---
   |.d.............|  |.-         --....-------......|
   -.@-----------..---|.|          |...-|     --.....--
  |.q--        |.....-|.|   ----  --....|      |......|
  -..          --.|...|.-----..----.....-----------..--
  ...           ---.............%...^.<.0.--..----------  |
 -s.-            |....--------...........................!-
 ...             |...--     --.................----------
|..              -----      |...................|
--.                         --..--.|...--.|..|..|
 --                          --------.-----------
                                    ---
Drastanta the Fighter       St:18/02 Dx:13 Co:17 In:9 Wi:9 Ch:9  Lawful
Dlvl:9  $:9  HP:0(59) Pw:4(4) AC:0  Xp:6 T:3589 

Latest messages:
 You experience a sense of peace.
 What do you want to sacrifice? [K or ?*] K
 Nothing happens.
 What do you want to sacrifice? [K or ?*] K
 Nothing happens.
 You stop.  The priest of Tyr is in the way!
 You drop 2 killer bee corpses.
 You swap places with the peaceful watchman.
 The garter snake bites!
 You kill the garter snake!
 You swap places with the peaceful watchman.
 You hear crashing rock.
 You feel fragile!
 You haven't been watching your health.
 You stop.  The gnome is in the way!
 You hear water falling on coins.
 You swap places with the peaceful gnome.
 You hear the chime of a cash register.
 You swap places with the peaceful watchman.
 You hear crashing rock.
 You feel an unexpected draft.
 You feel an unexpected draft.
 You descend the stairs.
 You swap places with the peaceful gnome lord.
 You swap places with the peaceful gnome lord.
 You kill the gnome!
 You swap places with the peaceful gnome.
 You hit the vampire bat!
 The vampire bat misses!
 The vampire bat bites!
 The vampire bat misses!
 The vampire bat bites!
 The vampire bat's bite was poisoned!
 You hit the vampire bat!
 The mumak misses!
 The mumak bites!
 The vampire bat bites!
 The vampire bat bites again!
 The vampire bat bites!
 The vampire bat bites again!
 You miss the vampire bat.
 The mumak butts!
 The mumak misses!
 The vampire bat bites!
 The vampire bat bites again!
 You kill the vampire bat!
 The mumak butts!
 You die...
 Do you want your possessions identified? [ynq] (y) y
 Do you want to see your attributes? [ynq] (y) q

Inventory:
 Coins    ('$')
  $ - 9 gold pieces
 Amulets  ('"')
  m - an uncursed amulet of flying
 Weapons  (')')
  a - a corroded +1 dwarvish spear (weapon in left hand)
  k - a +0 axe
 Armor    ('[')
  c - a blessed +3 small shield (being worn)
  n - an uncursed +0 oilskin cloak (being worn)
  F - an uncursed +0 elven mithril-coat (being worn)
 Scrolls  ('?')
  E - a blessed scroll of blank paper
  D - 2 uncursed scrolls of blank paper
  y - an uncursed scroll of confuse monster
  h - an uncursed scroll of enchant armor
  v - an uncursed scroll of enchant weapon
  x - 2 uncursed scrolls of identify
  b - 2 uncursed scrolls of light
  q - an uncursed scroll of remove curse
  r - an uncursed scroll of teleportation
 Potions  ('!')
  H - an uncursed potion of booze
  l - an uncursed potion of enlightenment
  o - an uncursed potion of extra healing
  j - 2 uncursed potions of healing
  z - an uncursed potion of object detection
  C - an uncursed potion of sleeping
  u - an uncursed potion of water
 Rings    ('=')
  p - an uncursed ring of conflict
 Wands    ('/')
  G - a wand of light (0:14)
  I - a wand of undead turning (0:8)
 Tools    ('(')
  g - an uncursed blindfold
  t - an uncursed brass lantern (lit)
  J - an uncursed lock pick

Drastanta the Valkyrie's attributes:

Background:
 You were a Fighter, a level 6 dwarven Valkyrie.
 You were lawful, on a mission for Tyr
 who was opposed by Odin (neutral) and Loki (chaotic).
 You were left-handed.
 You were in the Gnomish Mines, on level 9.
 You entered the dungeon 3589 turns ago.
 It was nighttime.
 There was a full moon in effect when your adventure ended.
 You had 519 experience points, 121 more were needed to attain level 7.

Basics:
 You had 0 out of 59 hit points.
 You had all 4 energy points (spell power).
 Your armor class was 0.
 Your wallet contained 9 zorkmids.
 Autopickup was on for '$' plus thrown.

Final Characteristics:
 Your strength was 18/02 (limit:18/100).
 Your dexterity was 13 (limit:20).
 Your constitution was 17 (peak:18, limit:20).
 Your intelligence was 9 (limit:16).
 Your wisdom was 9 (limit:16).
 Your charisma was 9 (limit:16).

Final Status:
 You weren't hungry.
 You were unencumbered.
 You were wielding a spear.
 You were skilled in spear.

Final Attributes:
 You were piously aligned.
 You were cold resistant.
 You had infravision.
 You were stealthy.
 You were guarded.
 You were lucky.
 You are dead.

Miscellaneous:
 You encountered 1 bones level.
 Total elapsed playing time was 26 minutes and 10 seconds.

Major events:
 Turn
    1: Drastanta the lawful dwarven Valkyrie entered the dungeon
  413: attained the rank of Skirmisher (level 3)
 1716: entered the Gnomish Mines
 2633: reached Mine Town
 3326: attained the rank of Fighter (level 6)
 3589: killed by a mumak

You didn't know any spells.

Skills:
 Fighting Skills
   bare handed combat [Unskilled]
   two weapon combat  [Unskilled]
   riding             [Unskilled]
 Weapon Skills
   dagger             [Basic]
   axe                [Unskilled]
   pick-axe           [Unskilled]
   short sword        [Unskilled]
   broadsword         [Unskilled]
   long sword         [Unskilled]
   two-handed sword   [Unskilled]
   saber              [Unskilled]
   hammer             [Unskilled]
   quarterstaff       [Unskilled]
   polearms           [Unskilled]
   spear              [Skilled]
   trident            [Unskilled]
   lance              [Unskilled]
   sling              [Unskilled]
 Spellcasting Skills
   attack spells      [Unskilled]
   escape spells      [Unskilled]

Voluntary challenges:
 Character rerolling was not enabled.
 You were vegetarian.
 You were illiterate.
 You never genocided any monsters.
 You never polymorphed an object.
 You never changed form.
 You used no wishes.
Achievements:
 You entered a shop.
 You attained the rank of Skirmisher.
 You entered the Gnomish Mines.
 You entered Minetown.
 You entered a temple.
 You attained the rank of Fighter.

 The Dungeons of Doom: levels 1 to 5
    Level 1:
    Level 2:
       A general store, some fountains.
    Level 3:
       A fountain, a sink.
    Level 4:
       A fountain, a sink.
       Stairs down to The Gnomish Mines.
    Level 5:
 The Gnomish Mines: levels 5 to 9
    Level 5:
    Level 6:
    Level 7:
       Final resting place for
          SpockMan02-Wiz-Hum-Fem-Neu, killed by a quasit.
    Level 8:
       Many shops, a temple and an altar to Tyr, many fountains.
    Level 9: <- You were here.
       Final resting place for
          you, killed by a mumak.


Vanquished creatures:
  a small mimic
  a vampire bat
  a lizard
  a gnome mummy
 an Uruk-hai
  a yellow light
  2 gnome leaders
  a kobold mummy
  a straw golem
  a paper golem
  2 giant ants
  a little dog
  a floating eye
  a kitten
  a werejackal
  7 killer bees
  3 acid blobs
  a hobbit
  3 giant rats
  4 cave spiders
  a yellow mold
  7 gnomes
  5 garter snakes
  3 geckos
  a jackal
  a fox
  a kobold
  a goblin
  5 sewer rats
  2 grid bugs
  5 lichens
  3 newts
70 creatures vanquished.

No species were genocided or became extinct.

Game over:
                       ----------
                      /          \
                     /    REST    \
                    /      IN      \
                   /     PEACE      \
                  /                  \
                  |    Drastanta     |
                  |       9 Au       |
                  |   killed by a    |
                  |      mumak       |
                  |                  |
                  |                  |
                  |       2026       |
                 *|     *  *  *      | *
        _________)/\\_//(\/(/\)/\//\/|_)_______

Farvel Drastanta the Valkyrie...

You died in The Gnomish Mines on dungeon level 9 with 2529 points,
and 9 pieces of gold, after 3589 moves.
You were level 6 with a maximum of 59 hit points when you died.

